 Dungeon Crawl Stone Soup version 0.31.0-9-g3a7656b989 (webtiles) character file.

Game seed: 4862348653446972645

940 qw the Skirmisher (level 7, -8/35 HPs)
             Began as a Spriggan Hunter on Feb 2, 2024.
             Mangled by Duvessa
             ... wielding a +0 short sword
              (14 damage)
             ... on level 5 of the Dungeon.
             The game lasted 00:00:30 (5124 turns).

qw the Skirmisher (Spriggan Hunter)                 Turns: 5124, Time: 00:00:31

Health: -8/35      AC:  2    Str:  7    XL:     7   Next: 88%
Magic:  8/8        EV: 23    Int: 10    God:
Gold:   244        SH:  0    Dex: 21    Spells: 6/6 levels left

rFire   . . .        a - +0 shortbow
rCold   . . .        (shield currently unavailable)
rNeg    . . .        c - +0 robe
rPois   .            (helmet restricted)
rElec   .            (no cloak)
rCorr   .            (gloves unavailable)
SInv    +            (boots unavailable)
Will    +....        (no amulet)
Stlth   ++           (no ring)
HPRegen 0.25/turn    (no ring)
MPRegen 0.11/turn

%: no passive effects
@: very quick
A: very small, no large weapons, unfitting armour, see invisible, speed 3
a: no special abilities


You were on level 5 of the Dungeon.
You visited 1 branch of the dungeon, and saw 5 of its levels.

You collected 244 gold pieces.


Innate Abilities, Weirdness & Mutations

You are very small and have problems with some larger weapons.
You are too small for most types of armour.
You have supernaturally acute eyesight. (SInv)
You cover ground extremely quickly. (Speed+++)


   Skills:
 - Level 2.2 Fighting
 - Level 8.0 Ranged Weapons
 + Level 7.5 Dodging
 - Level 1.5 Stealth


You had 6 spell levels left.
You didn't know any spells.
Your spell library was empty.

Inventory:

Hand Weapons
 a - a +0 shortbow (weapon)
Armour
 c - a +0 robe (worn)
Potions
 d - a potion of magic {unknown}
 f - 2 potions of curing

Dungeon Overview and Level Annotations

Branches:
Dungeon (5/15)
 Temple: D:4-7

Altars:
Elyvilon
Fedhas
Kikubaaqudgha
Xom

Annotations:
D:4 3 runed translucent doors, qw's ghost, amateur DEHu
D:5 exclusion: bombardier beetle, Duvessa


Message History

Level annotation: exclusion: bombardier beetle
There is a stone staircase leading up, spattered with blood here.
You see here a +0 giant club.
There is an open door here.
Duvessa, Sister of Dowan comes into view.
She is wielding a +0 short sword.
Duvessa goes berserk!
Duvessa moves out of view.
You shoot an arrow. The arrow hits Duvessa.
Duvessa is lightly wounded.
You shoot an arrow. The arrow hits Duvessa.
Duvessa is lightly wounded.
You shoot an arrow. The arrow hits Duvessa.
Duvessa is lightly wounded.
Duvessa barely misses you. Duvessa completely misses you.
You shoot an arrow. The arrow barely misses Duvessa.
Duvessa hits you with a +0 short sword.
You shoot an arrow. The arrow hits Duvessa.
Duvessa is moderately wounded.
Duvessa barely misses you. Duvessa completely misses you.
You shoot an arrow.
The arrow hits Duvessa but does no damage.
Duvessa is moderately wounded.
Duvessa hits you with a +0 short sword!
You shoot an arrow.
The arrow hits Duvessa but does no damage.
Duvessa is moderately wounded.
Duvessa misses you. Duvessa barely misses you.
You shoot an arrow. The arrow barely misses Duvessa.
Duvessa completely misses you.
You shoot an arrow. The arrow hits Duvessa.
Duvessa is moderately wounded.
Duvessa barely misses you. Duvessa completely misses you.
You shoot an arrow.
The arrow hits Duvessa but does no damage.
Duvessa is moderately wounded.
Duvessa closely misses you.
You shoot an arrow.
The arrow hits Duvessa but does no damage.
Duvessa is moderately wounded.
Duvessa hits you with a +0 short sword! x2
You die...

##.#.......##.# #...........
##.#.#####.##.# #..........#
##.#.# #.##.# #........... ##.#.#
#.##.# ##+##.....(. ##.#.# #.##.#
#..'....... ##.#.# #.##.#
#.##......# ##.#.# #.##.#
#.##......# ##.#.#
#.##.#########.#########
#....#####.##.#.@e......# #...
#..###........>..#....#.######.#.
#..# #.###.[.................#.#.
#..# #.# #......#.....#........#.
...###.# #.(.....................
#....#.# #......#.###.#.####.#.#.
####.#.###......#.......#..).....
####.#.#.'............#...)).....
#<##.#.#.#....#...#.#.#.#.)......


You could see Duvessa (berserk).

Vanquished Creatures
  A black bear (D:5)
  2 ogres (D:5)
  Dowan (D:5)
  A hound (D:4)
  A bombardier beetle (D:5)
  2 orc priests
  A jelly (D:5)
  A sleepcap (D:5)
  3 iguanas
  7 orc wizards
  4 gnolls
  6 adders
  2 ufetubi
  A dart slug (D:1)
  A ribbon worm (D:3)
  20 orcs
  10 ball pythons
  7 endoplasms
  2 giant cockroaches
  7 goblins
  8 hobgoblins
  6 jackals
  6 kobolds
  3 quokkas
  10 bats
  4 frilled lizards (D:1)
  A rat (D:2)
118 creatures vanquished.

Vanquished Creatures (others)
  A black bear (D:5)
  2 orcs (D:5)
3 creatures vanquished.

Grand Total: 121 creatures vanquished

Notes
Turn   | Place    | Note
-------+----------+-------------------------------------------
     0 | D:1      | qw the Spriggan Hunter began the quest for the Orb.
     0 | D:1      | Reached XP level 1. HP: 10/10 MP: 2/2
     0 | D:1      | 0 ||| qw: Version: 0.3-a-155-g5e7d8dd
     0 | D:1      | 0 ||| qw: Game counter: 2638
     0 | D:1      | 0 ||| qw: Melee chars always use a shield: true
     0 | D:1      | 0 ||| qw: God list: Okawaru
     0 | D:1      | 0 ||| qw: Allow faded altars: false
     0 | D:1      | 0 ||| qw: Do Orc after clearing Dungeon:15 true
     0 | D:1      | 0 ||| qw: Do second Lair branch before Depths: true
     0 | D:1      | 0 ||| qw: Lair rune preference: random
     0 | D:1      | 0 ||| qw: Goals: Normal
     0 | D:1      | 0 ||| PLANNING D:1-11
    33 | D:1      | Reached skill level 3 in Dodging
    33 | D:1      | Reached XP level 2. HP: 14/14 MP: 3/3
   194 | D:1      | Reached XP level 3. HP: 18/18 MP: 4/4
   699 | D:1      | 699 ||| READING scroll labelled BICOUPROPP.
   703 | D:1      | 703 ||| READING scroll labelled EKANOY EZEUGG.
   804 | D:1      | 804 ||| DROPPING scroll of butterflies.
  1147 | D:2      | Reached skill level 5 in Ranged Weapons
  1303 | D:2      | Reached XP level 4. HP: 22/22 MP: 5/5
  1753 | D:3      | Found a blossoming altar of Fedhas.
  1890 | D:3      | You fall into a shaft and drop 1 floor!
  2061 | D:4      | Found a runed translucent gate.
  2061 | D:4      | Found a runed translucent gate.
  2061 | D:4      | Found a runed translucent gate.
  2062 | D:4      | Noticed qw's ghost (amateur DEHu)
  2063 | D:4      | Noticed a kobold brigand
  2067 | D:4      | 2067 ||| READING scroll labelled CUAXAN LAOBIX.
  2067 | D:4      | 2067 ||| IDENTIFYING red potion
  2068 | D:4      | 2068 ||| DRINKING 2 pink potions.
  2129 | D:4      | Reached XP level 5. HP: 21/26 MP: 6/6
  2329 | D:4      | 2329 ||| DRINKING puce potion.
  2334 | D:4      | 2334 ||| DRINKING 3 blue potions.
  2335 | D:4      | 2335 ||| DRINKING potion of haste.
  2338 | D:4      | HP: 2/26 [orc wizard/puff of flame (6)]
  2339 | D:4      | 2339 ||| READING 3 scrolls of teleportation.
  2340 | D:4      | 2340 ||| DRINKING potion of heal wounds.
  2540 | D:3      | Reached skill level 6 in Ranged Weapons
  2549 | D:3      | HP: 6/26 [orc wizard/puff of flame (11)]
  2550 | D:3      | 2550 ||| READING 2 scrolls of teleportation.
  2755 | D:3      | Reached XP level 6. HP: 30/30 MP: 7/7
  2958 | D:3      | 2958 ||| READING scroll labelled NEREDO VIRI.
  3073 | D:4      | 3073 ||| FLEEEEING.
  3074 | D:4      | 3074 ||| FLEEEEING.
  3075 | D:4      | 3075 ||| FLEEEEING.
  3076 | D:4      | 3076 ||| FLEEEEING.
  3077 | D:4      | 3077 ||| FLEEEEING.
  3078 | D:4      | 3078 ||| FLEEEEING.
  3079 | D:4      | 3079 ||| FLEEEEING.
  3080 | D:4      | 3080 ||| FLEEEEING.
  3081 | D:4      | 3081 ||| FLEEEEING.
  3082 | D:4      | 3082 ||| STAIRDANCE
  3311 | D:4      | 3311 ||| READING scroll of identify.
  3311 | D:4      | 3311 ||| IDENTIFYING silvery potion
  3312 | D:4      | 3312 ||| DROPPING potion of brilliance.
  3337 | D:5      | Entered Level 5 of the Dungeon
  3340 | D:5      | 3340 ||| STAIRDANCE
  3347 | D:4      | HP: 3/30 [iguana (9)]
  3348 | D:4      | 3348 ||| READING scroll of teleportation.
  3534 | D:5      | 3534 ||| STAIRDANCE
  3538 | D:4      | Reached skill level 6 in Dodging
  3619 | D:5      | 3619 ||| RETREEEEATING.
  3624 | D:5      | 3624 ||| RETREEEEATING.
  3629 | D:5      | Reached skill level 7 in Ranged Weapons
  3629 | D:5      | Reached XP level 7. HP: 20/35 MP: 8/8
  3905 | D:5      | Found an ancient bone altar of Kikubaaqudgha.
  3944 | D:5      | 3944 ||| FLEEEEING.
  3945 | D:5      | 3945 ||| FLEEEEING.
  3949 | D:5      | 3949 ||| FLEEEEING.
  3950 | D:5      | 3950 ||| FLEEEEING.
  3955 | D:5      | 3955 ||| FLEEEEING.
  3962 | D:5      | 3962 ||| FLEEEEING.
  3963 | D:5      | 3963 ||| FLEEEEING.
  3967 | D:5      | 3967 ||| FLEEEEING.
  3968 | D:5      | 3968 ||| FLEEEEING.
  3969 | D:5      | 3969 ||| FLEEEEING.
  3970 | D:5      | 3970 ||| FLEEEEING.
  3971 | D:5      | 3971 ||| FLEEEEING.
  3972 | D:5      | 3972 ||| FLEEEEING.
  4094 | D:5      | Found a shimmering altar of Xom.
  4155 | D:5      | Noticed Dowan
  4164 | D:5      | Killed Dowan
  4551 | D:5      | Found a white marble altar of Elyvilon.
  4588 | D:5      | Reached skill level 8 in Ranged Weapons
  4768 | D:5      | 4768 ||| FLEEEEING.
  4769 | D:5      | 4769 ||| FLEEEEING.
  4770 | D:5      | 4770 ||| FLEEEEING.
  4771 | D:5      | 4771 ||| FLEEEEING.
  4772 | D:5      | 4772 ||| FLEEEEING.
  4773 | D:5      | 4773 ||| FLEEEEING.
  4774 | D:5      | 4774 ||| STAIRDANCE
  4968 | D:4      | 4968 ||| READING scroll labelled GUROCE YLERCH.
  5069 | D:4      | 5069 ||| READING scroll labelled GIXZIUSAGESM.
  5112 | D:5      | Noticed Duvessa
  5124 | D:5      | HP: 6/35 [Duvessa/+0 short sword (12)]
  5124 | D:5      | Mangled by Duvessa

Levels and vault maps discovered:
D:1:      nicolae_arrival_somewhat_less_tricky_arrival, layout_basic,
          skrybe_limestone_x, st_stairs_9, minmay_box_of_dots
D:2:      layout_loops_cross, serial_aquarium, aquarium_bridge_straight
          [aquarium_subvault_bridge, aquarium_subvault_window,
          aquarium_subvault_bridge, aquarium_subvault_window],
          aquarium_bridge_square [aquarium_subvault_bridge,
          aquarium_subvault_bridge, aquarium_subvault_bridge,
          aquarium_subvault_balcony], aquarium_window_corner,
          aquarium_window_corridor_1, aquarium_window_1, aquarium_window_fake,
          aquarium_view_2e, aquarium_view_2f
D:3:      layout_basic, mainiacjoe_overflow_chevrons
D:4:      layout_gridville, gammafunk_ghost_nasty_kobolds, nrook_mini_backslash
D:5:      layout_basic, xom_confusion_cloud,
          mainiacjoe_overflow_six_doors_small, elyvilon_altar_3, uniq_duvessa

Skill      XL: |  1  2  3  4  5  6  7 |
---------------+----------------------+-----
Dodging        | 3 4 5 6 7 |  7.5
Ranged Weapons | 5 6 7 8 |  8.0
Fighting       | 2 |  2.2
Stealth        | |  1.5

Action                     |  1- 3 |  4- 6 |  7- 9 || total
---------------------------+-------+-------+-------++-------
   Fire: Shortbow          |   109 |   203 |   166 ||   478
    Use: Scroll            |     2 |     6 |     2 ||    10
         Potion            |       |     5 |       ||     5
 Armour: Robe              |     9 |    47 |    35 ||    91
  Dodge: Dodged            |    22 |   146 |    90 ||   258

Table legend:
 A = Non-vault XP
 B = Vault XP
 C = Vault XP percentage of total XP
 D = Non-vault monster count
 E = Vault monster count
 F = Vault count percentage of total count
                 A         B        C        D         E       F
            +---------+---------+-------+---------+---------+-------
      Total |    1128 |     216 |  16.1 |     105 |      13 |  11.0
            +---------+---------+-------+---------+---------+-------
        D:1 |      64 |       7 |   9.9 |      30 |       5 |  14.3
        D:2 |      29 |       0 |   0.0 |      11 |       0 |   0.0
        D:3 |     102 |       0 |   0.0 |      16 |       0 |   0.0
        D:4 |     319 |       0 |   0.0 |      27 |       0 |   0.0
        D:5 |     614 |     209 |  25.4 |      21 |       8 |  27.6
            +---------+---------+-------+---------+---------+-------
